 Dungeon Crawl Stone Soup version 0.21.1-1-g345015f (webtiles) character file.

5097 Monsterracer the Arsonist (level 10, 0/40 HPs)
             Began as a Felid Fire Elementalist on Feb 10, 2018.
             Was a Follower of Vehumet.
             Slain by a torpor snail (19 damage)
             ... on level 2 of the Lair of Beasts.
             The game lasted 00:25:36 (17056 turns).

Monsterracer the Arsonist (FeFE)                   Turns: 17056, Time: 00:25:36

Health: 0/40       AC:  2    Str:  4    XL:     10   Next: 32%
Magic:  1/22       EV: 19    Int: 21    God:    Vehumet [*.....]
Gold:   507        SH:  0    Dex: 16    Spells: 9/23 levels left
                                        Lives:  0   Deaths: 3

rFire    . . .     SeeInvis +   (weapon unavailable)
rCold    . . .     Gourm    .   (shield unavailable)
rNeg     . . .     Faith    .   (armour unavailable)
rPois    .         Spirit   .   (helmet unavailable)
rElec    .         Reflect  .   (cloak unavailable)
rCorr    +         Harm     .   (gloves unavailable)
MR       +....                  (boots unavailable)
Stlth    +++.......             (no amulet)
HPRegen  0.13/turn              j - ring of resist corrosion {!d}
MPRegen  0.18/turn              (no ring)

@: slowed, slow
A: very small, no armour, no weapons or thrown items, stealth, claws 1, fangs 3,
see invisible, carnivore, speed 1, shaggy fur 2, slow metabolism 1, sharp paws
a: Renounce Religion


You were on level 2 of the Lair of Beasts.
You worshipped Vehumet.
Vehumet was aware of your devotion.
You were full.

You visited 3 branches of the dungeon, and saw 12 of its levels.
You also visited: Sewer.

You collected 507 gold pieces.

Inventory:

Jewellery
 j - a ring of resist corrosion (left paw) {!d}
Wands
 r - a wand of polymorph (7)
 t - a wand of digging (4)
 w - a wand of iceblast (10)
Scrolls
 b - 6 scrolls of remove curse
 d - 2 scrolls of magic mapping {!r}
 e - a scroll of fear {!r}
 m - 4 scrolls of teleportation
 q - 2 scrolls of amnesia
 s - 2 scrolls of blinking
Potions
 a - 2 potions of agility {unknown}
 g - 2 potions of cancellation
 h - 3 potions of curing
 i - 3 potions of flight
 k - 4 potions of lignification
 l - 2 potions of heal wounds
 n - 2 potions of brilliance
 o - 2 potions of haste
 p - 5 potions of might
 u - a potion of resistance {unknown}
Comestibles
 c - 28 rations


   Skills:
 + Level 2.3 Fighting
 + Level 4.3 Dodging
 + Level 4.6 Stealth
 + Level 7.3 Spellcasting
 * Level 10.1 Conjurations
 * Level 10.4 Fire Magic


You had 9 spell levels left.
You knew the following spells:

 Your Spells              Type           Power        Failure   Level  Hunger
a - Flame Tongue          Conj/Fire      #####        1%          1    None
b - Conjure Flame         Conj/Fire      ######..     1%          3    None
c - Sticky Flame          Conj/Fire      ######..     1%          4    ###....
d - Fireball              Conj/Fire      ######....   3%          5    #####..
f - Magic Dart            Conj           ####         1%          1    None


Dungeon Overview and Level Annotations

Branches:
Dungeon (8/15)             Temple (1/1) D:5            Lair (3/6) D:8
  Swamp: Lair:2-4    Shoals: Lair:2-4     Snake: Lair:2-4    Spider: Lair:2-4

Altars:
Ashenzari
Cheibriados
Dithmenos
Elyvilon
Fedhas
Gozag
Hepliaklqana
Kikubaaqudgha
Makhleb
Nemelex Xobeh
Okawaru
Qazlal
Ru
Sif Muna
Trog
Uskayaw
Vehumet
Wu Jian
Xom
Yredelemnul
Zin
The Shining One


Innate Abilities, Weirdness & Mutations

You cannot wear armour.
You are incapable of wielding weapons or throwing items.
Your paws allow you to move quietly. (Stealth)
You have sharp claws.
You have razor-sharp teeth.
You have supernaturally acute eyesight. (SInv)
You are carnivorous and can eat meat at any time.
You cover ground quickly.
You are covered in thick fur. (AC +2)
You have a slow metabolism.
Your sharp claws are effective at attacking unaware monsters.


Message History

Casting: Flame Tongue
Confirm with . or Enter, or press ? or * to list all spells.
Aiming: Flame Tongue
Press: ? - help, Shift-Dir - straight line, f/p - basilisk
Aim: a basilisk (almost dead)
You miscast Flame Tongue.
You are very lightly contaminated with residual magic.
Nothing appears to happen.
The basilisk bites you.
You take 5 damage, and have 30/40 hp.
You now have 11/22 mp.
Casting: Flame Tongue
Confirm with . or Enter, or press ? or * to list all spells.
Aiming: Flame Tongue
Press: ? - help, Shift-Dir - straight line, f/p - basilisk
Aim: a basilisk (almost dead)
The flame tongue hits the basilisk.
The basilisk is almost dead.
The basilisk bites you!
* * * LOW HITPOINT WARNING * * *
You take 16 damage, and have 14/40 hp.
MASSIVE DAMAGE!!
You now have 10/22 mp.
Casting: Flame Tongue
Confirm with . or Enter, or press ? or * to list all spells.
Aiming: Sticky Flame
Press: ? - help, Shift-Dir - straight line, f/p - basilisk
Aim: a basilisk (almost dead)
The sticky flame hits the basilisk.
You kill the basilisk!
Vehumet accepts your kill.
You now have 6/22 mp.
Your magical contamination has completely faded away.
Key pressed, stopping explore.
Magic restored.
Key pressed, stopping explore.
Key pressed, stopping explore.
HP restored.
You butcher the blink frog corpse.
f - a chunk of flesh Eating a chunk of flesh.
You eat the chunk of flesh.
This raw flesh tastes great.
You see here a basilisk corpse.
p - 5 potions of might (gained 1) Key pressed, stopping explore.
Found 22 sling bullets.
Health restored: 40; MP restored: 22
Found an escape hatch in the ceiling.
The torpor snail is too close now for your liking.
Being near the torpor snail leaves you feeling lethargic.
Casting: Sticky Flame
Confirm with . or Enter, or press ? or * to list all spells.
Aiming: Fireball
Press: ? - help, Shift-Dir - straight line, f - torpor snail
Aim: a torpor snail The fireball explodes!
The fireball engulfs the torpor snail.
The torpor snail is moderately wounded.
The fireball engulfs the fungus.
The fungus is heavily damaged.
You hear an angry hiss.
You hear a bellow! x2
You now have 17/22 mp.
Casting: Fireball
Confirm with . or Enter, or press ? or * to list all spells.
Aiming: Fireball
Press: ? - help, Shift-Dir - straight line, f/p - torpor snail
Aim: a torpor snail (moderately wounded)
The fireball explodes!
The fireball engulfs the torpor snail.
The torpor snail is moderately wounded.
You now have 12/22 mp.
Casting: Fireball
Confirm with . or Enter, or press ? or * to list all spells.
Aiming: Sticky Flame
Press: ? - help, Shift-Dir - straight line, f/p - torpor snail
Aim: a torpor snail (moderately wounded)
The sticky flame hits the torpor snail.
The torpor snail is heavily wounded.
The torpor snail is covered in liquid flames!
The torpor snail burns! x2; The torpor snail misses you.
You now have 8/22 mp.
Casting: Sticky Flame
Confirm with . or Enter, or press ? or * to list all spells.
Aiming: Sticky Flame
Press: ? - help, Shift-Dir - straight line, f/p - torpor snail
Aim: a torpor snail (severely wounded, covered in liquid flames)
The sticky flame hits the torpor snail.
The torpor snail appears unharmed.
The torpor snail is severely wounded.
The torpor snail is covered in liquid flames!
The torpor snail burns!
The torpor snail bites you!!
Ouch! That really hurt!
* * * LOW HITPOINT WARNING * * *
You take 21 damage, and have 19/40 hp.
MASSIVE DAMAGE!!
You now have 5/22 mp.
Press: ? - help, v - describe, . - travel
Here: a torpor snail (severely wounded, covered in liquid flames)
The floor.
Casting: Sticky Flame
Confirm with . or Enter, or press ? or * to list all spells.
Aiming: Sticky Flame
Press: ? - help, Shift-Dir - straight line, f/p - torpor snail
Aim: a torpor snail (severely wounded, covered in liquid flames)
The sticky flame hits the torpor snail.
The torpor snail is severely wounded.
The torpor snail is covered in liquid flames!
The torpor snail burns! x2; The torpor snail bites you!!
You die...

...##.P.# ........##
........P# ### #
.......P## #.##### ..
†.......####.....## ...
........#.........##..#.
.....
........##.........P....
.....
........................
.....
......#..(......@w.....P
.PP.
......##.P......<......#
..#
......#...............##
#..
......###..............#
#P. ......#
#####..........# ##..
.....## ###.........
###... .....# ##........
##..... .#.....##
#...<.. ##.....


You could see a torpor snail (burning).

Vanquished Creatures
  2 hydras
  Erica (D:8)
  Maurice (D:7)
  Joseph (D:7)
  A kobold demonologist (D:7)
  2 rime drakes (Lair:2)
  2 hornets (D:8)
  3 blink frogs (Lair:2)
  Prince Ribbit (D:8)
  A hippogriff (Lair:1)
  7 yaks
  2 basilisks
  Edmund (D:6)
  A soldier ant (D:8)
  A porcupine (Lair:1)
  A water moccasin (Lair:1)
  2 orc warriors
  A phantom (D:8)
  2 ogres (D:8)
  2 centaurs
  A crocodile (Lair:1)
  14 big kobolds
  3 bullfrogs
  5 scorpions
  10 wights
  2 howler monkeys (D:8)
  6 hounds
  Crazy Yiuf (D:5)
  2 orc priests (D:8)
  7 orc wizards
  A bullfrog skeleton (D:8)
  An iguana (D:8)
  7 worker ants
  A worker ant zombie (D:6)
  3 gnolls (D:5)
  5 adders
  A river rat (D:4)
  An ooze (D:3)
  An adder zombie (D:8)
  3 worms (D:2)
  6 dart slugs
  5 leopard geckos
  18 orcs
  7 bats
  7 giant cockroaches
  6 goblins
  7 hobgoblins
  11 jackals
  2 quokkas
  A ball python (Sewer)
  9 frilled lizards
  A jackal skeleton (D:4)
  18 kobolds
  9 rats
217 creatures vanquished.

Vanquished Creatures (collateral kills)
  5 yaks (Lair:1)
5 creatures vanquished.

Vanquished Creatures (others)
  2 fungi
2 creatures vanquished.

Grand Total: 224 creatures vanquished

Notes
Turn   | Place    | Note
-------+----------+-------------------------------------------
     0 | D:1      | Monsterracer the Felid Fire Elementalist began the quest for the Orb.
     0 | D:1      | Reached XP level 1. HP: 7/7 MP: 4/4
     9 | D:1      | Reached skill level 1 in Conjurations
   212 | D:1      | Reached XP level 2. HP: 11/11 MP: 1/6
   756 | D:2      | Found an iron altar of Okawaru.
   779 | D:2      | Reached XP level 3. HP: 10/14 MP: 3/7
   786 | D:2      | HP: 7/14 [poisoned by an adder]
   794 | D:2      | HP: 5/14 [poisoned by an adder]
  1085 | D:2      | HP: 7/14 [dart slug/slug dart (7)]
  1271 | D:2      | Learned a level 3 spell: Conjure Flame
  1587 | D:2      | You fall through a shaft!
  2085 | D:2      | Reached XP level 4. HP: 18/18 MP: 3/8
  2202 | D:2      | Learned a level 4 spell: Sticky Flame
  2369 | D:2      | HP: 1/18 [worm (11)]
  2722 | D:3      | HP: 9/18 [orc wizard/magic dart (5)]
  2727 | D:3      | HP: 3/18 [orc wizard/dagger (6)]
  3139 | D:3      | Found an ornate altar of the Wu Jian Council.
  3473 | D:3      | Reached XP level 5. HP: 12/21 MP: 4/10
  3476 | D:3      | HP: 10/21 [poisoned by an adder]
  3482 | D:3      | HP: 9/21 [poisoned by an adder]
  3490 | D:3      | HP: 7/21 [poisoned by an adder]
  4048 | D:4      | Found a glowing drain.
  4052 | Sewer    | Entered a sewer
  5557 | D:4      | Gained mutation: You are covered in thick fur. (AC +2) [Felid growth]
  5557 | D:4      | Reached XP level 6. HP: 24/24 MP: 5/11
  5621 | D:5      | Entered Level 5 of the Dungeon
  5635 | D:5      | Found a staircase to the Ecumenical Temple.
  5639 | D:5      | HP: 11/24 [centaur/arrow (13)]
  5640 | D:5      | HP: 2/24 [centaur/arrow (9)]
  6010 | D:5      | Noticed a yak
  6010 | D:5      | Noticed a yak
  6010 | D:5      | Noticed a yak
  6011 | D:5      | Noticed a yak
  6013 | D:5      | Noticed a yak
  6015 | D:5      | Noticed a yak
  6026 | D:5      | Killed a yak
  6030 | D:5      | HP: 3/24 [yak (14)]
  6129 | D:4      | HP: 7/24 [yak (3)]
  6228 | D:4      | Killed a yak
  6228 | D:4      | Reached skill level 5 in Fire Magic
  6228 | D:4      | Reached XP level 7. HP: 16/27 MP: 1/13
  6356 | D:4      | Killed a yak
  6474 | Temple   | Entered the Ecumenical Temple
  6998 | D:5      | HP: 4/27 [yak (12)]
  6999 | D:5      | Killed a yak
  6999 | D:5      | Reached skill level 5 in Conjurations
  7280 | D:5      | Killed a yak
  7280 | D:5      | Reached XP level 8. HP: 20/31 MP: 8/15
  7281 | D:5      | HP: 4/31 [centaur/arrow (14)]
  7289 | D:4      | Learned a level 5 spell: Fireball
  7845 | D:5      | Found a runed door.
  8146 | D:5      | Noticed Crazy Yiuf
  8149 | D:5      | Killed Crazy Yiuf
  8615 | D:6      | Found a deep blue altar of Sif Muna.
  8632 | D:6      | Noticed Edmund
  8658 | D:6      | Killed Edmund
  9506 | D:7      | Reached skill level 5 in Spellcasting
  9529 | D:7      | HP: 15/31 [poisoned by an orc wizard]
  9683 | D:7      | Noticed Joseph
  9764 | D:7      | HP: 12/31 [Joseph/uncursed quarterstaff (12)]
  9768 | D:7      | Slain by Joseph
  9769 | D:7      | Reached XP level 7. HP: -5/27 MP: 1/15
  9770 | D:7      | Killed Joseph
  9770 | D:7      | Reached XP level 8. HP: 31/31 MP: 16/16
 10913 | D:6      | Found a radiant altar of Vehumet.
 10921 | D:6      | Became a worshipper of Vehumet
 11142 | D:8      | Noticed a kobold demonologist
 11145 | D:8      | Noticed Maurice
 11273 | D:7      | Noticed a rust devil
 11273 | D:7      | HP: 13/31 [rust devil[a kobold demonologist] (7)]
 11458 | D:7      | Killed a kobold demonologist
 11458 | D:7      | Reached XP level 9. HP: 34/34 MP: 1/18
 11577 | D:7      | Killed Maurice
 11792 | D:7      | HP: 13/34 [wight/enchanted long sword (10)]
 12361 | D:7      | HP: 17/34 [big kobold/stone (3)]
 12532 | D:7      | HP: 6/34 [wight/trident (14)]
 12827 | D:8      | Found a burning altar of Makhleb.
 13003 | D:8      | Reached * piety under Vehumet
 13003 | D:8      | Offered knowledge of Magic Dart by Vehumet.
 13006 | D:8      | Learned a level 1 spell: Magic Dart
 13077 | D:8      | Noticed Prince Ribbit
 13101 | D:8      | HP: 13/34 [Prince Ribbit (13)]
 13104 | D:8      | Killed Prince Ribbit
 13312 | D:8      | Reached XP level 10. HP: 37/37 MP: 13/20
 13388 | D:8      | HP: 12/37 [hornet (12)]
 13393 | D:8      | HP: 5/37 [poisoned by a worker ant]
 13515 | D:8      | Noticed a four-headed hydra
 13692 | D:8      | Noticed Erica
 13704 | D:8      | HP: 16/37 [Erica/scimitar of flaming (6)]
 13705 | D:8      | Killed from afar by Erica
 13706 | D:8      | Reached XP level 9. HP: -4/34 MP: 0/19
 13709 | D:8      | Killed Erica
 13764 | D:8      | Found a bloodstained altar of Trog.
 13922 | D:8      | Found a burning altar of Makhleb.
 13997 | D:8      | HP: 17/34 [poisoned by a scorpion]
 14002 | D:8      | HP: 14/34 [poisoned by a scorpion]
 14008 | D:8      | HP: 11/34 [poisoned by a scorpion]
 14014 | D:8      | HP: 10/34 [poisoned by a scorpion]
 14022 | D:8      | HP: 9/34 [poisoned by a scorpion]
 14232 | D:8      | HP: 13/34 [phantom (8)]
 14446 | D:8      | Found an ancient bone altar of Kikubaaqudgha.
 14828 | D:8      | Found a staircase to the Lair.
 14871 | D:8      | HP: 9/34 [four-headed hydra (10)]
 14873 | D:8      | Killed a four-headed hydra
 14873 | D:8      | Reached skill level 1 in Fighting
 14873 | D:8      | Reached skill level 10 in Fire Magic
 14873 | D:8      | Reached XP level 10. HP: 10/39 MP: 6/21
 15283 | Lair:1   | Entered Level 1 of the Lair of Beasts
 15368 | Lair:1   | Noticed a five-headed hydra
 15385 | Lair:1   | HP: 7/39 [five-headed hydra (18)]
 15385 | Lair:1   | Mangled by a five-headed hydra
 15386 | Lair:1   | Reached XP level 9. HP: -10/35 MP: 11/20
 15457 | Lair:1   | Killed a five-headed hydra
 16413 | Lair:2   | Noticed a spiny frog
 16431 | Lair:2   | Noticed a rime drake
 16433 | Lair:2   | Killed a rime drake
 16433 | Lair:2   | Reached skill level 10 in Conjurations
 16433 | Lair:2   | Reached XP level 10. HP: 40/40 MP: 10/21
 16447 | Lair:2   | HP: 12/40 [crocodile (13)]
 16677 | Lair:2   | Noticed a torpor snail
 16681 | Lair:2   | Noticed a seven-headed hydra
 16825 | Lair:2   | HP: 14/40 [basilisk (16)]
 17055 | Lair:2   | HP: 19/40 [torpor snail (21)]
 17056 | Lair:2   | Slain by a torpor snail

Skill      XL: |  1  2  3  4  5  6  7  8  9 |
---------------+----------------------------+-----
Conjurations   | 1 2 3 4 5 7 10 | 10.1
Fire Magic     | 3 4 5 6 8 10 | 10.4
Spellcasting   | 3 4 5 7 |  7.3
Fighting       | 2 |  2.3
Dodging        | 4 |  4.3
Stealth        | 4 |  4.6

Action                   |  1- 3 |  4- 6 |  7- 9 | 10-12 || total
-------------------------+-------+-------+-------+-------++-------
Melee: Unarmed           |    13 |     8 |    33 |     7 ||    61
       Bite              |       |     1 |     1 |       ||     2
 Cast: Flame Tongue      |    76 |   100 |   164 |    15 ||   355
       Sticky Flame      |       |     1 |    61 |    14 ||    76
       Conjure Flame     |       |     8 |    15 |     1 ||    24
       Fireball          |       |       |    34 |    12 ||    46
  Use: Scroll            |       |    14 |     6 |     2 ||    22
       Potion            |       |       |     1 |     1 ||     2
 Stab: Sleeping          |       |       |     1 |       ||     1
  Eat: Chunk             |    10 |     7 |    52 |     4 ||    73
Armor: Skin              |     3 |     1 |    14 |       ||    18
Dodge: Dodged            |    24 |    36 |   147 |    39 ||   246

Vault maps used:
D:1:      minmay_arrival_five_plusses
D:2:      lemuel_coloured_pillars_altar, minmay_item_behind_shaft
D:3:      old_standard_altar
D:4:      gup_sewer_entry_bowl
D:5:      minmay_temple_entry_butterflies, first_ration, uniq_crazy_yiuf_cottage
D:6:      nicolae_overflow_hidden_temple, kennysheep_small_spiral, uniq_edmund
D:7:      uniq_joseph
D:8:      kennysheep_little_box, kiku_gazebo_pond_becter, lair_entry_dummy,
          basic_altar, special_room, hangedman_pestilent_swarm,
          trog_butcher_becter, uniq_erica, uniq_prince_ribbit1, uniq_maurice
Temple:   lightli_temple_of_artemis
Lair:2:   minmay_swamp_entry_swarm, nicolae_spider_entry_orb_guardian
Sewer:    sewer_co_scattered_pipes
